 Dungeon Crawl Stone Soup version 0.19.5 (webtiles) character file.

7552 ghjk the Severer (level 10, -2/90 HPs)
             Began as a Minotaur Fighter on May 21, 2017.
             Was a High Priest of Okawaru.
             Slain by a hill giant
             ... wielding a +0 giant spiked club
              (42 damage)
             ... on level 10 of the Dungeon on May 22, 2017.
             The game lasted 00:12:58 (8218 turns).

ghjk the Severer (Minotaur Fighter)                 Turns: 8218, Time: 00:12:59

Health: -2/90      AC: 12    Str: 24    XL:     10   Next: 96%
Magic:  9/9        EV: 18    Int:  5    God:    Okawaru [*****.]
Gold:   629        SH: 10    Dex: 15    Spells: 0 memorised, 9 levels left

rFire  . . .     SeeInvis .     a - +1 war axe
rCold  . . .     Gourm    .     b - +0 scale mail
rNeg   . . .     Faith    +     c - +0 shield
rPois  +         Spirit   .     (helmet restricted)
rElec  .         Reflect  .     i - +1 cloak
rCorr  .         Harm     .     (no gloves)
MR     .....                    l - +0 pair of boots
Stlth  +.........               j - amulet of faith (curse)
                                C - ring of poison resistance
                                k - +3 ring of evasion

@: agile
A: retaliatory headbutt, horns 2
a: Heroism, Finesse, Renounce Religion


You were on level 10 of the Dungeon.
You worshipped Okawaru.
Okawaru was extremely pleased with you.
You were not hungry.

You visited 2 branches of the dungeon, and saw 11 of its levels.

You collected 629 gold pieces.

Inventory:

Hand Weapons
 a - a +1 war axe (weapon)
Armour
 b - a +0 scale mail (worn)
 c - a +0 shield (worn)
 i - a +1 cloak (worn)
 l - a +0 pair of boots (worn)
Jewellery
 j - a cursed amulet of faith (around neck)
 k - a +3 ring of evasion (left hand)
 y - a +3 ring of protection
 B - an uncursed ring of protection from fire {unknown}
 C - a ring of poison resistance (right hand)
Scrolls
 e - a scroll of enchant armour
 n - 3 scrolls of enchant weapon
 q - 3 scrolls of fear {unknown}
 r - 2 scrolls of amnesia
 s - 3 scrolls of magic mapping
 D - 4 scrolls of teleportation
 F - a scroll of fog
 G - a scroll of brand weapon {unknown}
Potions
 g - 9 potions of flight
 m - 2 potions of cancellation
 o - a potion of agility
 p - 2 potions of cure mutation {unknown}
 t - a potion of brilliance {unknown}
 u - 2 potions of ambrosia {unknown}
 v - a potion of lignification
 w - a potion of heal wounds
 x - 7 potions of curing
 A - a potion of haste {unknown}
 E - 2 potions of invisibility {unknown}
Books
 d - a book of Clouds

   Spells                             Type                      Level
   a - Mephitic Cloud                 Conjuration/Poison/Air       3
   b - Conjure Flame                  Conjuration/Fire             3
   c - Poisonous Cloud                Conjuration/Poison/Air       6
   d - Freezing Cloud                 Conjuration/Ice/Air          6
   e - Ring of Flames                 Charms/Fire                  7
 z - a book of Misfortune

   Spells                             Type                      Level
   a - Confusing Touch                Hexes                        1
   b - Confuse                        Hexes                        3
   c - Gell's Gravitas                Hexes/Translocation          3
   d - Petrify                        Transmutation/Earth          4
   e - Metabolic Englaciation         Hexes/Ice                    5
   f - Yara's Violent Unravelling     Hexes/Transmutation          5
Comestibles
 f - 8 bread rations
 h - 7 meat rations
 H - a beef jerky


   Skills:
 + Level 8.5 Fighting
 * Level 15.3 Axes
 + Level 9.1 Armour
 + Level 4.0 Dodging
 - Level 3.6 Shields


You had 9 spell levels left.
You didn't know any spells.

Dungeon Overview and Level Annotations

Branches:
Dungeon (10/15)            Temple (1/1) D:5             Orc (0/2) D:9
   Lair: D:8-11

Altars:
Ashenzari
Cheibriados
Dithmenos
Elyvilon
Fedhas
Gozag
Hepliaklqana
Kikubaaqudgha
Makhleb
Nemelex Xobeh
Okawaru
Qazlal
Ru
Sif Muna
Trog
Uskayaw
Vehumet
Xom
Yredelemnul
Zin
The Shining One

Annotations:
D:4 ghjk's ghost, amateur MiFi


Innate Abilities, Weirdness & Mutations

You reflexively headbutt those who attack you in melee.
You have a pair of horns on your head.


Message History

You headbutt the hill giant. You slash the hill giant!
The hill giant is moderately wounded.
The hill giant hits you with a giant spiked club!!
You slash the hill giant!
The hill giant is heavily wounded.
You barely miss the hill giant. You headbutt the hill giant.
The hill giant is severely wounded.
You block the hill giant's attack.
Your shield and scale mail prevent you from hitting the hill giant.
Your headbutt misses the hill giant.
The hill giant is heavily wounded.
The hill giant hits you with a giant spiked club!!
You slash the hill giant!
You headbutt the hill giant, but do no damage.
The hill giant is severely wounded.
You hit the hill giant. You headbutt the hill giant.
The hill giant is almost dead.
The hill giant hits you with a giant spiked club!!!
You die...

....#######......# ##..
.................##.....
..#.....................
........................
........................
.....<..................
.................%......
........................
................@.......
.................C......
........................
........................
........................
........................
........................
........................
....................?.


You could see a hill giant.

Vanquished Creatures
  Psyche (D:8)
  Grinder (D:6)
  A hornet (D:9)
  3 hippogriffs
  A wyvern (D:8)
  5 yaks (D:9)
  3 vampire mosquitoes (D:9)
  3 wargs (D:10)
  5 orc warriors
  An ice beast (D:5)
  7 ogres
  A phantom (D:7)
  A sky beast (D:9)
  2 black bears
  3 centaurs
  3 bullfrogs
  A wyvern zombie (D:10)
  3 scorpions
  15 killer bees
  9 wights
  2 howler monkeys (D:4)
  6 crimson imps
  A centaur zombie (D:8)
  A quasit (D:10)
  4 jellies
  6 orc priests
  4 hounds (D:9)
  An iguana (D:8)
  13 orc wizards
  5 worker ants
  A hound skeleton (D:6)
  Robin (D:3)
  2 howler monkey skeletons
  10 adders
  2 shadow imps (D:6)
  An ooze (D:4)
  An adder zombie (D:8)
  2 worms (D:2)
  8 leopard geckos
  34 orcs
  2 giant cockroaches
  13 goblins
  8 hobgoblins
  5 jackals
  9 kobolds
  4 quokkas
  A ball python (D:3)
  3 bats
  3 frilled lizards
  2 quokka skeletons
  6 rats
230 creatures vanquished.

Notes
Turn   | Place    | Note
-------+----------+-------------------------------------------
     0 | D:1      | ghjk the Minotaur Fighter began the quest for the Orb.
     0 | D:1      | Reached XP level 1. HP: 19/19 MP: 0/0
   844 | D:1      | Reached XP level 2. HP: 23/27 MP: 1/1
  1002 | D:2      | Reached skill level 3 in Axes
  1167 | D:2      | Found a faded altar of an unknown god.
  1169 | D:2      | Reached XP level 3. HP: 32/33 MP: 2/2
  1450 | D:2      | Reached skill level 4 in Axes
  1599 | D:2      | Reached XP level 4. HP: 31/40 MP: 3/3
  2093 | D:3      | Noticed Robin
  2106 | D:3      | Killed Robin
  2600 | D:4      | Noticed a hippogriff
  2606 | D:4      | Killed a hippogriff
  2606 | D:4      | Reached skill level 5 in Fighting
  2606 | D:4      | Reached skill level 5 in Axes
  2606 | D:4      | Reached skill level 5 in Armour
  2606 | D:4      | Reached XP level 5. HP: 15/48 MP: 4/4
  2606 | D:4      | Reached XP level 6. HP: 18/56 MP: 5/5
  2900 | D:4      | Reached skill level 6 in Axes
  2900 | D:4      | Reached skill level 1 in Dodging
  2995 | D:4      | Noticed ghjk's ghost (amateur MiFi)
  3368 | D:5      | Entered Level 5 of the Dungeon
  3433 | D:5      | Reached skill level 7 in Axes
  3533 | D:5      | Reached XP level 7. HP: 28/61 MP: 6/6
  3695 | D:5      | Found a staircase to the Ecumenical Temple.
  3742 | D:5      | Found a burning altar of Makhleb.
  3764 | D:5      | Reached skill level 8 in Axes
  4115 | Temple   | Entered the Ecumenical Temple
  4281 | Temple   | Became a worshipper of Warmaster Okawaru
  4481 | D:6      | Reached skill level 9 in Axes
  4481 | D:6      | Reached XP level 8. HP: 57/69 MP: 7/7
  4561 | D:6      | Noticed Grinder
  4577 | D:6      | Killed Grinder
  4577 | D:6      | Reached * piety under Okawaru
  4577 | D:6      | Reached skill level 10 in Axes
  5133 | D:7      | Reached skill level 11 in Axes
  5351 | D:7      | Found an iron altar of Okawaru.
  5427 | D:8      | Noticed a hippogriff
  5438 | D:8      | Killed a hippogriff
  5438 | D:8      | Reached XP level 9. HP: 53/75 MP: 8/8
  5562 | D:8      | Reached ** piety under Okawaru
  5658 | D:8      | Noticed Psyche
  5666 | D:8      | Killed Psyche
  5666 | D:8      | Reached skill level 12 in Axes
  5749 | D:8      | Reached *** piety under Okawaru
  5930 | D:8      | Reached skill level 13 in Axes
  6065 | D:9      | Noticed a troll
  6083 | D:9      | Reached XP level 10. HP: 57/86 MP: 9/9
  6087 | D:9      | Reached **** piety under Okawaru
  6480 | D:9      | Found a staircase to the Orcish Mines.
  6660 | D:9      | Found a basalt altar of Yredelemnul.
  6789 | D:9      | Reached skill level 14 in Axes
  7425 | D:10     | Entered Level 10 of the Dungeon
  7482 | D:10     | Reached ***** piety under Okawaru
  7503 | D:10     | Reached skill level 15 in Axes
  7901 | D:10     | Noticed a hill giant
  8218 | D:10     | Slain by a hill giant

Skill      XL: |  1  2  3  4  5  6  7  8  9 10 |
---------------+-------------------------------+-----
Fighting       | 4 5 6 7 8 |  8.5
Axes           | 3 4 5 7 9 11 13 15 | 15.3
Armour         | 4 5 6 7 9 |  9.1
Dodging        | 1 2 4 |  4.0
Shields        | |  3.6

Action                   |  1- 3 |  4- 6 |  7- 9 | 10-12 || total
-------------------------+-------+-------+-------+-------++-------
Melee: War axe           |   102 |   109 |   240 |   190 ||   641
       Headbutt          |    13 |    21 |    40 |    28 ||   102
  Use: Potion            |       |     1 |     1 |     3 ||     5
       Scroll            |       |    11 |     5 |       ||    16
  Eat: Chunk             |     1 |     3 |     5 |       ||     9
       Meat ration       |       |     1 |       |       ||     1
       Beef jerky        |       |       |     1 |     2 ||     3
       Pizza             |       |       |     1 |       ||     1
       Bread ration      |       |       |       |     1 ||     1
Armor: Scale mail        |    47 |    48 |    75 |   111 ||   281
Dodge: Dodged            |    21 |    34 |    77 |   137 ||   269
Block: Shield            |    42 |    54 |    87 |   134 ||   317
